Map: Overgrowth LE (Void)

Players

Musumeci - Winner!

  • Race: Zerg Zerg
  • League: Diamond
  • Spawn Location: 1:00

MonEwok

  • Race: Terran Terran
  • League: Diamond
  • Spawn Location: 7:00

VOD

Have the link to the VOD?

Description

Time

  • Played on: Dec. 28, 2016, 9:21 a.m.
  • Length: 16:28
Show
View Real Time Build Order
Export as new Build Order

Musumeci Zerg - Winner!

Build Orders: Hatch First 

Get SALT Encoding   

  12  0:06  Drone  
  13  0:07  Drone  
  14  0:16  Drone, Extractor  
  15  0:40  Hatchery  
  14  0:45  Extractor  
  14  0:46  Drone  
  15  1:02  Spawning Pool  
  14  1:16  Drone, Extractor  
  14  1:17  Drone, Extractor  
  15  1:21  Overlord  
  16  1:39  Drone  
  17  1:41  Drone  
  18  1:52  Queen x2  
  18  1:53  Drone  
  23  1:56  Drone  
  24  2:01  Drone  
  24  2:05  Overlord  
  25  2:10  Drone  
  25  2:13  Drone  
  27  2:27  Queen x2  
  30  2:39  Drone, Overlord  
  30  2:40  Drone x2  
  33  2:49  Zergling x2  
  34  2:51  Drone  
  34  2:53  Drone  
  36  2:59  Drone  
  36  3:00  Drone x3  
  40  3:10  Drone x4  
  44  3:17  Extractor  
  44  3:19  Drone, Extractor  
  44  3:20  Drone, Roach Warren  
  43  3:28  Drone  
  44  3:39  Hatchery  
  44  3:41  Drone  
  44  3:42  Overlord x2  
  43  4:09  Roach  
  45  4:11  Drone  
  45  4:12  Drone x4  
  45  4:15  Roach  
  52  4:21  Roach  
  54  4:30  Roach x3  
  60  4:36  Evolution Chamber  
  60  4:37  Evolution Chamber  
  58  4:46  Roach  
  60  4:58  Spore Crawler x2  
  60  4:59  Spore Crawler  
  57  5:01  Spore Crawler  
  57  5:05  Lair  
  57  5:06  Drone  
  61  5:07  Drone x9  
  61  5:09  Overlord  
  61  5:12  Overlord  
  66  5:21  Zerg Missile Weapons Level 1  
  66  5:24  Extractor  
  66  5:25  Drone, Extractor  
  66  5:26  Drone  
  66  5:28  Drone  
  67  5:29  Drone  
  67  5:30  Drone x2  
  67  5:31  Drone  
  67  5:32  Drone  
  67  5:33  Drone x2  
  75  5:35  Drone  
  75  5:42  Zerg Ground Armor Level 1  
  75  5:46  Overlord x2  
  75  5:49  Roach x2  
  79  5:59  Overlord x3  
  79  6:07  Roach x5  
  89  6:14  Overlord x2  
  89  6:21  Drone x3, Extractor  
  89  6:22  Extractor  
  89  6:23  Drone x3  
  89  6:24  Ravager x3  
  96  6:43  Ravager x3  
  99  6:50  Drone x5  
  99  6:51  Drone  
  105  6:58  Roach x5  
  105  6:59  Roach x4, Overlord  
  105  7:00  Overlord x3  
  123  7:06  Hatchery  
  122  7:22  Roach x10  
  142  7:56  Drone x6  
  142  7:58  Overlord x4  
  148  8:00  Overlord x3  
  148  8:02  Ravager x6  
  148  8:03  Ravager x4  
  158  8:14  Zerg Missile Weapons Level 2  
  158  8:21  Zerg Ground Armor Level 2  
  158  8:29  Infestation Pit  
  157  8:34  Glial Reconstitution  
  157  8:37  Drone x3, Extractor  
  157  8:38  Drone, Extractor  
  157  8:39  Drone x2  
  161  9:44  Hive  
  161  9:58  Ravager x2  
  161  9:59  Ravager x15  
  178  10:01  Roach x11  
  197  10:57  Zerg Missile Weapons Level 3, Zerg Ground Armor Level 3  
  197  11:00  Roach  
  197  11:01  Ravager  
  144  11:35  Roach x3  
  144  11:36  Roach x10  
  161  11:43  Roach  
  161  11:44  Roach x14  
  191  12:06  Spore Crawler  
  191  12:07  Spore Crawler x2  
  145  12:28  Ravager x4  
  145  12:29  Ravager x19  
  160  12:54  Drone x8  
  168  13:02  Drone x2  
  168  13:03  Drone x5  
  168  13:04  Drone  
  168  13:05  Drone  
  174  13:16  Overseer  
  128  13:28  Roach x16  
  128  13:33  Roach x18  
  182  13:37  Roach  
  182  13:38  Roach x5  
  191  13:46  Spire  
  190  13:53  Queen  
  188  14:23  Extractor  
  187  14:30  Extractor  
  140  14:59  Hatchery  
  139  15:01  Drone  
  139  15:02  Drone x3  
  139  15:03  Drone x5  
  142  15:22  Corruptor x9  
  158  15:31  Ravager x5  
  158  15:32  Ravager x12  
  172  15:37  Overseer  
Show
View Real Time Build Order
Export as new Build Order

MonEwok Terran 

Build Orders: MMM Bio 

Get SALT Encoding   

  12  0:01  SCV  
  13  0:13  SCV  
  14  0:18  Supply Depot  
  14  0:25  SCV  
  15  0:36  Refinery  
  15  0:40  SCV  
  16  0:48  Barracks  
  16  0:52  SCV  
  17  1:04  SCV  
  18  1:16  SCV  
  20  1:34  Marine  
  20  1:36  Orbital Command  
  20  1:47  Command Center  
  20  1:52  Marine  
  21  2:01  SCV  
  22  2:09  Supply Depot  
  22  2:19  SCV  
  22  2:21  Barracks  
  22  2:22  Barracks Reactor  
  23  2:35  SCV  
  24  2:41  Engineering Bay  
  24  2:47  SCV  
  25  2:58  Bunker  
  25  2:59  SCV, Marine x2  
  25  3:03  Orbital Command  
  28  3:09  Barracks Tech Lab, Terran Infantry Weapons Level 1  
  28  3:11  SCV  
  29  3:15  Factory  
  29  3:19  Marine  
  30  3:29  Stimpack  
  30  3:32  Supply Depot  
  30  3:33  SCV x2  
  32  3:35  Marine  
  32  3:36  Marine  
  33  3:49  Marine  
  33  3:53  SCV, Marine  
  37  3:56  SCV  
  37  3:59  Refinery  
  38  4:05  SCV  
  38  4:07  Starport, Marine  
  38  4:08  SCV  
  41  4:10  Marine  
  41  4:14  Marine  
  42  4:19  Supply Depot  
  42  4:22  Factory Reactor  
  42  4:28  SCV  
  42  4:31  Marine x2  
  43  4:36  SCV  
  46  4:39  Marine  
  46  4:40  SCV  
  48  4:48  SCV  
  48  4:50  Command Center  
  48  4:51  Marine x2  
  48  4:52  SCV  
  52  4:55  Refinery  
  52  4:59  Supply Depot  
  52  5:01  SCV  
  52  5:04  Marine  
  52  5:05  Medivac x2  
  58  5:09  Factory Tech Lab  
  58  5:11  Supply Depot, Factory Reactor  
  58  5:12  Marine x2  
  60  5:25  SCV  
  60  5:26  SCV, Marine  
  60  5:28  Terran Infantry Armor Level 1  
  63  5:31  Barracks  
  63  5:32  Barracks  
  63  5:33  Marine x2  
  65  5:38  SCV  
  65  5:39  Combat Shields  
  66  5:58  Marine x3  
  66  6:02  SCV, Armory  
  66  6:03  SCV, Engineering Bay  
  66  6:04  Refinery  
  71  6:05  Widow Mine  
  71  6:08  Supply Depot  
  71  6:10  Medivac  
  75  6:16  Marine x2  
  75  6:17  Orbital Command  
  77  6:23  Barracks Reactor  
  77  6:24  Barracks Reactor  
  77  6:31  Supply Depot  
  77  6:32  Supply Depot  
  68  6:39  Marine x3  
  61  6:42  SCV x2  
  61  6:43  SCV  
  63  6:47  Widow Mine x2  
  63  6:50  Medivac  
  63  6:51  Medivac  
  71  6:55  SCV  
  71  6:57  Marine  
  73  7:02  SCV x2  
  73  7:03  Marine  
  73  7:05  Terran Infantry Weapons Level 2, Marine x4  
  80  7:12  Liberator, Marine  
  80  7:14  Marine  
  82  7:20  Marine  
  82  7:22  Marine x2  
  83  7:23  Marine  
  83  7:24  SCV x2  
  83  7:25  SCV  
  92  7:32  Refinery  
  92  7:33  Refinery  
  92  7:34  Marine  
  92  7:35  Marine, Supply Depot  
  92  7:36  SCV x2, Supply Depot  
  96  7:43  Marine x3  
  96  7:44  Marine  
  100  7:49  Terran Infantry Armor Level 2, Supply Depot  
  100  7:52  Factory, Marine, Factory Tech Lab  
  100  7:57  Liberator  
  101  8:13  Siege Tank  
  101  8:16  SCV x2  
  109  8:20  SCV  
  110  8:28  SCV  
  110  8:29  Supply Depot  
  110  8:31  Command Center  
  110  8:32  Marine x2, Supply Depot  
  110  8:33  Supply Depot  
  113  8:37  Factory Tech Lab  
  113  8:39  Starport  
  113  8:40  Terran Vehicle Weapons Level 1, SCV x2  
  115  8:43  SCV  
  115  8:44  Marine  
  115  8:45  Marine  
  118  8:50  Siege Tank  
  118  8:52  SCV  
  118  8:53  Marine x2  
  124  8:57  Marine x2  
  124  9:00  Siege Tank  
  124  9:01  Marine  
  130  9:03  SCV  
  130  9:07  SCV x2  
  130  9:09  Liberator  
  78  9:10  Liberator x2  
  133  9:23  Marine x6  
  133  9:24  Marine  
  140  9:26  Medivac  
  140  9:29  Siege Tank  
  152  9:41  Marine x2  
  152  9:42  Marauder  
  152  9:44  Marine x2, Siege Tank  
  152  9:45  Marine x2  
  163  9:46  SCV x2  
  163  9:50  Planetary Fortress  
  165  9:57  Terran Infantry Weapons Level 3, Barracks  
  165  9:58  Barracks, Marine  
  165  9:59  Marine  
  167  10:02  Marine  
  168  10:20  Marine x5  
  168  10:21  Marine x2  
  170  10:22  Siege Tank x2  
  170  10:27  Refinery  
  172  10:28  Refinery  
  172  10:38  Marine x6  
  172  10:39  Marauder  
  180  10:57  Barracks Tech Lab  
  180  11:00  Command Center  
  180  11:01  Supply Depot  
  180  11:02  Supply Depot  
  180  11:08  Marine  
  180  11:09  Marine  
  180  11:12  Marine  
  180  11:14  Siege Tank  
  180  11:15  Marine x2  
  180  11:18  Marine  
  180  11:19  Marine  
  180  11:20  Marine x2  
  180  11:21  Siege Tank  
  168  11:26  Marine  
  168  11:27  Marine  
  168  11:29  Marine  
  164  11:33  Marine x2  
  164  11:36  Marauder  
  164  11:38  Marine x3  
  150  11:44  Marine  
  150  11:45  Marine  
  150  11:46  Siege Tank  
  155  11:47  Marine  
  155  11:50  Marine  
  155  11:51  Marine  
  155  11:53  Siege Tank  
  156  11:55  Marine  
  156  11:56  Marine x2  
  156  11:58  Marauder  
  161  12:02  Marauder  
  161  12:03  Marine  
  161  12:05  Marine  
  165  12:08  Marine  
  157  12:18  Siege Tank  
  145  12:25  Siege Tank  
  148  12:31  Marine  
  146  12:39  Marine  
  146  12:40  Marauder x2  
  146  12:43  Marine, Starport Tech Lab  
  146  12:44  Terran Infantry Armor Level 3  
  152  12:46  Starport Tech Lab, Barracks Tech Lab  
  152  12:50  Siege Tank  
  149  12:52  Marine x4  
  149  12:57  Marine, Siege Tank  
  157  13:01  Marauder, Marine  
  157  13:02  Marauder  
  162  13:05  Marine  
  162  13:10  Marine x4  
  166  13:14  Marine  
  166  13:18  Marine  
  157  13:22  Marine  
  157  13:23  Marauder, Marine, Siege Tank  
  105  13:47  Marine x3  
  105  13:48  Marauder, Marine  
  110  13:49  Marine x3  
  110  13:50  Marine  
  110  13:53  Siege Tank  
  110  13:55  Siege Tank  
  120  14:04  Banshee  
  120  14:05  Banshee, Marine x3  
  120  14:06  Marauder  
  120  14:07  Marine x4, Hyperflight Rotors  
  120  14:09  Marauder, Starport  
  137  14:10  Terran Ship Weapons Level 1  
  127  14:17  Barracks  
  127  14:18  Barracks  
  127  14:23  Marine x2  
  127  14:24  Marauder  
  129  14:25  Marine x4, Siege Tank  
  129  14:27  Marauder, Siege Tank  
  129  14:31  Marauder  
  101  14:41  Marine x2  
  101  14:43  Marine x4  
  101  14:45  Marauder  
  99  14:48  Marine  
  99  14:52  Banshee x2, Marine  
  96  14:58  Marine  
  96  14:59  Marine  
  101  15:00  Marine  
  101  15:01  Marine x3  
  101  15:06  Marauder, Marine  
  108  15:09  Marine  
  108  15:16  Marine  
  108  15:17  Unknown  
  109  15:33  Supply Depot  
  109  15:35  Supply Depot  
  109  15:54  Marauder  
  109  15:55  Marine x8  
  109  15:56  Marine  
  120  16:04  Command Center  
Tags
 
Composition
MMM Bio
Matchup
TvZ
Replay Pack
replay pack
Spawn Locations
Cross Positions
Add a new tag
Caveats
  • Supply blocks, unpowered buildings, or Contaminate may cause inaccurate times.
  • Supply counts are checked every 10 seconds.